[ AOE2 MATCH · #469707610 ]
UnrankedIncas vs Burmese
[ REPLAY ANALYSIS · EXTRACTED FROM THE RECORDED GAME ]
Feudal
10:42
Castle
23:10
Imperial
40:16
| APM avg | 32.8 |
| APM peak | 78 |
| eAPM avg | 13.2 |
| Villagers / military | 114 / 0 |
Focus
⚔️ 26.5% · 🌾 73.5%
Unknown (2550) ×127
Feudal
9:21
Castle
29:21
Imperial
—
| APM avg | 41.5 |
| APM peak | 83 |
| eAPM avg | 24.2 |
| Villagers / military | 108 / 38 |
Focus
⚔️ 34.7% · 🌾 65.3%
Archer ×24 · Skirmisher ×6 · Monk ×4 · Mangonel ×3 · Scorpion ×1
Feudal
9:22
Castle
21:10
Imperial
40:41
| APM avg | 51.7 |
| APM peak | 88 |
| eAPM avg | 21.5 |
| Villagers / military | 149 / 73 |
Focus
⚔️ 33.6% · 🌾 66.4%
Knight ×62 · Scout Cavalry ×11
Feudal
9:41
Castle
22:03
Imperial
—
| APM avg | 100.1 |
| APM peak | 186 |
| eAPM avg | 52.0 |
| Villagers / military | 134 / 198 |
Focus
⚔️ 75.2% · 🌾 24.8%
Archer ×192 · Spearman ×4 · Cavalry Archer ×2
Feudal
9:16
Castle
21:44
Imperial
36:42
| APM avg | 61.4 |
| APM peak | 85 |
| eAPM avg | 29.7 |
| Villagers / military | 205 / 149 |
Focus
⚔️ 41.4% · 🌾 58.6%
Knight ×138 · Scout Cavalry ×11
Feudal
8:57
Castle
21:15
Imperial
38:23
| APM avg | 57.0 |
| APM peak | 107 |
| eAPM avg | 20.6 |
| Villagers / military | 136 / 95 |
Focus
⚔️ 38.7% · 🌾 61.3%
Knight ×86 · Scout Cavalry ×6 · Monk ×2 · Throwing Axeman ×1
Feudal
9:20
Castle
26:13
Imperial
—
| APM avg | 62.7 |
| APM peak | 112 |
| eAPM avg | 23.9 |
| Villagers / military | 100 / 93 |
Focus
⚔️ 43.6% · 🌾 56.4%
Archer ×92 · Monk ×1 · Trade Cart ×1
Feudal
9:17
Castle
25:13
Imperial
39:52
| APM avg | 93.1 |
| APM peak | 197 |
| eAPM avg | 60.4 |
| Villagers / military | 144 / 171 |
Focus
⚔️ 76.9% · 🌾 23.1%
Archer ×171
Match map
Initial resources + every placement click. Lines = walls · curves = elevation contours. ◆ gold · ⬟ stone · ● berries · ✦ relic · ◌ wall gap
Your base· Open — unwalled flank
Weichbrot's base· Open — opponent sealed themselves in
Mattroid 99's base· Open — 1t gap
TideWalker's base· Open — unwalled flank
GdR_Grifiss(twitch.tv/grifiss84)'s base· ✓ Closed at 21:44 · 44t walls · no gate
SeiyaPegasus's base· Open — unwalled flank
GdR_Matteo's base· ✓ Closed at 26:13 · 56t walls · no gate
GdR_Nataniele05's base· ✓ Closed at 25:13 · 44t walls · no gate
Smoothed initial terrain · ◌ = detected wall gap · hover for details
Inputs per minute
— 自由人生 - - Weichbrot
Build order — 自由人生
First 150 of 290 actions detected
| 0:01 | Queue | Villager (Male) |
| 0:02 | Queue | Villager (Male) |
| 0:03 | Build | House |
| 0:04 | Build | House |
| 0:38 | Queue | Villager (Male) |
| 0:38 | Queue | Villager (Male) |
| 0:38 | Queue | Villager (Male) |
| 1:24 | Queue | Villager (Male) |
| 1:54 | Build | Settlement |
| 2:00 | Queue | Villager (Male) |
| 2:21 | Queue | Villager (Male) |
| 2:22 | Queue | Villager (Male) |
| 2:50 | Queue | Villager (Male) |
| 2:50 | Queue | Villager (Male) |
| 3:03 | Queue | Villager (Male) |
| 3:03 | Queue | Villager (Male) |
| 3:38 | Queue | Villager (Male) |
| 3:38 | Queue | Villager (Male) |
| 4:01 | Queue | Villager (Male) |
| 4:01 | Queue | Villager (Male) |
| 4:08 | Queue | Villager (Male) |
| 4:08 | Queue | Villager (Male) |
| 4:25 | Build | Settlement |
| 4:58 | Queue | Villager (Male) |
| 4:58 | Queue | Villager (Male) |
| 4:58 | Queue | Villager (Male) |
| 4:59 | Queue | Villager (Male) |
| 5:29 | Queue | Villager (Male) |
| 6:13 | Build | Farm |
| 6:22 | Build | Farm |
| 6:30 | Queue | Villager (Male) |
| 6:47 | Queue | Villager (Male) |
| 7:22 | Queue | Villager (Male) |
| 7:51 | Queue | Villager (Male) |
| 8:24 | Build | Settlement |
| 8:32 | Research | Feudal Age |
| 8:33 | Research | Feudal Age |
| 9:02 | Research | Loom |
| 9:03 | Research | Loom |
| 10:01 | Build | Barracks |
| 10:40 | Queue | Villager (Male) |
| 10:41 | Queue | Villager (Male) |
| 10:42 | Age | Feudal Age |
| 10:50 | Queue | Unit 2550 |
| 10:50 | Queue | Unit 2550 |
| 11:27 | Build | Barracks |
| 11:40 | Queue | Villager (Male) |
| 11:45 | Research | Double-Bit Axe |
| 11:45 | Research | Double-Bit Axe |
| 11:45 | Research | Double-Bit Axe |
| 12:15 | Queue | Villager (Male) |
| 12:21 | Build | Blacksmith |
| 12:26 | Research | Tech 1402 |
| 12:26 | Research | Tech 1402 |
| 12:30 | Queue | Unit 2550 |
| 12:30 | Queue | Unit 2550 |
| 12:33 | Queue | Villager (Male) |
| 12:38 | Research | Horse Collar |
| 12:38 | Research | Horse Collar |
| 13:04 | Queue | Villager (Male) |
| 13:08 | Research | Scale Mail Armor |
| 13:08 | Research | Scale Mail Armor |
| 13:26 | Queue | Villager (Male) |
| 13:28 | Queue | Unit 2550 ×5 |
| 13:53 | Research | Forging |
| 13:56 | Queue | Villager (Male) |
| 13:59 | Build | Farm |
| 14:00 | Build | Farm |
| 14:02 | Build | Farm |
| 14:27 | Build | Farm |
| 14:29 | Build | Farm |
| 14:30 | Queue | Villager (Male) |
| 14:41 | Build | Farm |
| 14:49 | Build | Farm |
| 14:52 | Build | Farm |
| 15:32 | Queue | Villager (Male) |
| 15:35 | Queue | Unit 2550 ×2 |
| 15:40 | Build | Farm |
| 15:43 | Build | Farm |
| 15:46 | Build | Farm |
| 15:48 | Queue | Villager (Male) |
| 16:14 | Queue | Villager (Male) |
| 16:25 | Queue | Villager (Male) |
| 16:27 | Queue | Unit 2550 ×2 |
| 16:33 | Build | Farm |
| 16:39 | Build | Farm |
| 16:42 | Build | Farm |
| 16:45 | Build | Farm |
| 16:54 | Queue | Unit 2550 ×3 |
| 17:05 | Queue | Villager (Male) |
| 17:13 | Queue | Unit 2550 |
| 17:13 | Queue | Unit 2550 |
| 17:20 | Queue | Villager (Male) |
| 17:20 | Queue | Villager (Male) |
| 17:41 | Queue | Villager (Male) |
| 17:46 | Queue | Unit 2550 ×2 |
| 17:59 | Build | House |
| 18:10 | Build | Settlement |
| 19:05 | Research | Wheelbarrow |
| 19:05 | Research | Wheelbarrow |
| 19:15 | Build | Farm |
| 19:46 | Build | Market |
| 19:54 | Build | Settlement |
| 19:57 | Build | Farm |
| 20:00 | Build | Farm |
| 20:05 | Build | Barracks |
| 20:30 | Research | Castle Age |
| 20:31 | Research | Castle Age |
| 20:39 | Queue | Unit 2550 ×3 |
| 20:39 | Queue | Unit 2550 ×3 |
| 20:39 | Queue | Unit 2550 ×3 |
| 21:02 | Queue | Unit 2550 ×3 |
| 21:02 | Queue | Unit 2550 ×3 |
| 21:02 | Queue | Unit 2550 ×3 |
| 21:27 | Build | House |
| 21:31 | Build | House |
| 21:45 | Build | Barracks |
| 21:59 | Queue | Unit 2550 ×5 |
| 21:59 | Queue | Unit 2550 ×5 |
| 22:52 | Build | House |
| 22:55 | Build | Palisade Wall |
| 23:10 | Age | Castle Age |
| 23:13 | Research | Squires |
| 23:14 | Research | Tech 1351 |
| 23:14 | Research | Tech 1351 |
| 23:15 | Research | Tech 1351 |
| 23:44 | Build | Town Center |
| 23:55 | Queue | Unit 2550 |
| 23:56 | Queue | Unit 2550 |
| 24:15 | Queue | Villager (Male) |
| 24:16 | Queue | Villager (Male) |
| 25:22 | Queue | Villager (Male) |
| 25:22 | Queue | Villager (Male) |
| 25:45 | Build | House |
| 25:55 | Queue | Villager (Male) |
| 25:55 | Queue | Villager (Male) |
| 25:58 | Build | Farm |
| 26:00 | Build | Farm |
| 26:01 | Build | Farm |
| 26:03 | Build | Farm |
| 26:28 | Queue | Villager (Male) |
| 26:28 | Queue | Villager (Male) |
| 26:30 | Queue | Villager (Male) |
| 26:30 | Queue | Villager (Male) |
| 26:58 | Build | Farm |
| 26:58 | Build | Farm |
| 27:03 | Queue | Unit 2550 ×5 |
| 27:04 | Queue | Unit 2550 ×5 |
| 27:18 | Queue | Villager (Male) |
| 27:19 | Queue | Villager (Male) |
Build order — Weichbrot
First 150 of 256 actions detected
| 0:00 | Queue | Villager (Male) |
| 0:01 | Queue | Villager (Male) |
| 0:01 | Queue | Villager (Male) |
| 0:02 | Build | House |
| 0:03 | Build | House |
| 0:06 | Queue | Villager (Male) |
| 0:07 | Queue | Villager (Male) |
| 1:30 | Queue | Villager (Male) |
| 2:05 | Queue | Villager (Male) |
| 2:08 | Build | Lumber Camp |
| 2:26 | Queue | Villager (Male) |
| 2:26 | Queue | Villager (Male) |
| 2:52 | Queue | Villager (Male) |
| 2:52 | Queue | Villager (Male) |
| 3:12 | Queue | Villager (Male) |
| 3:36 | Build | House |
| 3:39 | Build | House |
| 3:40 | Build | House |
| 3:46 | Queue | Villager (Male) |
| 3:49 | Queue | Villager (Male) |
| 4:35 | Queue | Villager (Male) |
| 4:35 | Queue | Villager (Male) |
| 4:53 | Build | Palisade Wall |
| 4:54 | Build | Palisade Wall |
| 4:56 | Build | Palisade Wall |
| 4:58 | Build | Palisade Wall |
| 5:00 | Build | Palisade Wall |
| 5:16 | Build | Palisade Wall |
| 5:28 | Build | Palisade Wall |
| 5:30 | Build | Palisade Wall |
| 5:32 | Build | Palisade Wall |
| 5:44 | Build | Palisade Wall |
| 5:50 | Queue | Villager (Male) |
| 5:50 | Queue | Villager (Male) |
| 5:50 | Queue | Villager (Male) |
| 5:56 | Queue | Villager (Male) |
| 5:57 | Queue | Villager (Male) |
| 5:59 | Queue | Villager (Male) |
| 6:13 | Build | Mill |
| 6:36 | Queue | Villager (Male) |
| 6:45 | Queue | Villager (Male) |
| 7:06 | Build | Mining Camp |
| 7:07 | Queue | Villager (Male) |
| 7:16 | Queue | Villager (Male) |
| 7:32 | Research | Loom |
| 7:44 | Build | Palisade Wall |
| 7:47 | Build | Palisade Wall |
| 8:03 | Research | Feudal Age |
| 8:04 | Research | Feudal Age |
| 8:57 | Build | Barracks |
| 9:03 | Queue | Villager (Male) |
| 9:21 | Age | Feudal Age |
| 9:29 | Build | Palisade Wall |
| 9:32 | Build | Palisade Wall |
| 9:34 | Build | Palisade Wall |
| 9:36 | Build | Palisade Wall |
| 9:45 | Build | Archery Range |
| 9:55 | Queue | Villager (Male) |
| 10:26 | Queue | Skirmisher |
| 10:30 | Queue | Archer |
| 10:35 | Queue | Villager (Male) |
| 10:40 | Queue | Villager (Male) |
| 10:51 | Queue | Archer |
| 10:54 | Build | Archery Range |
| 10:57 | Queue | Villager (Male) |
| 11:14 | Build | House |
| 11:31 | Build | House |
| 11:52 | Queue | Archer |
| 12:14 | Queue | Villager (Male) |
| 12:17 | Build | Blacksmith |
| 12:19 | Build | Farm |
| 12:24 | Queue | Archer |
| 12:43 | Queue | Villager (Male) |
| 12:55 | Queue | Villager (Male) |
| 13:01 | Build | Farm |
| 13:14 | Queue | Archer |
| 13:25 | Queue | Villager (Male) |
| 13:28 | Build | House |
| 13:29 | Build | Palisade Wall |
| 13:39 | Build | Palisade Wall |
| 14:00 | Queue | Villager (Male) |
| 14:12 | Queue | Skirmisher |
| 14:15 | Build | Palisade Wall |
| 14:25 | Build | Palisade Wall |
| 14:26 | Build | Palisade Gate |
| 14:37 | Queue | Villager (Male) |
| 15:04 | Queue | Villager (Male) |
| 15:27 | Queue | Villager (Male) |
| 15:56 | Build | Farm |
| 15:57 | Build | Farm |
| 16:15 | Queue | Villager (Male) |
| 16:21 | Queue | Skirmisher |
| 16:30 | Build | Farm |
| 16:44 | Queue | Archer |
| 16:57 | Queue | Skirmisher |
| 16:59 | Queue | Skirmisher |
| 17:01 | Queue | Villager (Male) |
| 17:46 | Build | Mining Camp |
| 17:52 | Queue | Villager (Male) |
| 18:01 | Queue | Villager (Male) |
| 18:22 | Queue | Skirmisher |
| 18:23 | Queue | Villager (Male) |
| 18:29 | Queue | Villager (Male) |
| 18:40 | Build | Watch Tower |
| 19:04 | Queue | Villager (Male) |
| 19:18 | Build | Farm |
| 19:20 | Build | Farm |
| 19:32 | Queue | Villager (Male) |
| 19:38 | Queue | Villager (Male) |
| 19:55 | Queue | Villager (Male) |
| 20:00 | Build | Farm |
| 20:01 | Queue | Archer |
| 20:06 | Queue | Villager (Male) |
| 20:13 | Build | Farm |
| 20:16 | Build | Farm |
| 20:24 | Queue | Archer |
| 20:31 | Build | House |
| 20:32 | Build | House |
| 20:33 | Build | Palisade Wall |
| 20:38 | Build | Palisade Wall |
| 20:42 | Queue | Archer |
| 21:08 | Queue | Archer |
| 21:12 | Queue | Villager (Male) |
| 21:46 | Queue | Archer |
| 21:46 | Queue | Archer |
| 21:46 | Queue | Villager (Male) |
| 21:57 | Queue | Villager (Male) |
| 22:08 | Research | Wheelbarrow |
| 22:15 | Queue | Villager (Male) |
| 22:26 | Queue | Archer |
| 22:26 | Queue | Archer |
| 22:35 | Build | House |
| 22:38 | Build | House |
| 22:40 | Build | Palisade Wall |
| 22:50 | Build | House |
| 22:52 | Queue | Villager (Male) |
| 23:15 | Queue | Archer |
| 23:15 | Queue | Archer |
| 23:28 | Build | Palisade Wall |
| 23:33 | Build | House |
| 23:35 | Build | Palisade Wall |
| 23:37 | Queue | Villager (Male) |
| 23:57 | Queue | Archer |
| 23:59 | Queue | Villager (Male) |
| 24:16 | Queue | Archer |
| 24:19 | Queue | Villager (Male) |
| 24:42 | Research | Double-Bit Axe |
| 24:54 | Queue | Villager (Male) |
| 24:55 | Queue | Villager (Male) |
| 25:05 | Build | Farm |
Build order — Mattroid 99
First 150 of 326 actions detected
| 0:01 | Queue | Villager (Male) ×4 |
| 0:04 | Build | House |
| 0:06 | Build | House |
| 1:30 | Queue | Villager (Male) |
| 1:30 | Queue | Villager (Male) |
| 1:47 | Build | Lumber Camp |
| 1:57 | Queue | Villager (Male) |
| 2:26 | Queue | Villager (Male) |
| 2:26 | Queue | Villager (Male) |
| 2:52 | Queue | Villager (Male) |
| 3:13 | Queue | Villager (Male) |
| 3:50 | Queue | Villager (Male) |
| 3:50 | Queue | Villager (Male) |
| 3:51 | Queue | Villager (Male) |
| 3:53 | Build | House |
| 3:55 | Build | House |
| 4:41 | Queue | Villager (Male) |
| 4:42 | Queue | Villager (Male) |
| 4:59 | Build | Mill |
| 5:06 | Queue | Villager (Male) ×2 |
| 5:28 | Queue | Villager (Male) |
| 6:24 | Research | Loom |
| 7:09 | Research | Feudal Age |
| 8:23 | Build | Barracks |
| 9:09 | Queue | Villager (Male) |
| 9:22 | Age | Feudal Age |
| 9:39 | Queue | Villager (Male) |
| 9:44 | Build | Stable |
| 9:55 | Queue | Villager (Male) |
| 10:01 | Build | House |
| 10:27 | Queue | Villager (Male) |
| 10:28 | Queue | Scout Cavalry |
| 10:29 | Queue | Scout Cavalry |
| 10:31 | Research | Horse Collar |
| 10:34 | Build | House |
| 10:58 | Queue | Villager (Male) |
| 11:01 | Build | Farm |
| 11:03 | Build | Farm |
| 11:07 | Build | Farm |
| 11:08 | Build | Farm |
| 11:10 | Build | Farm |
| 11:14 | Queue | Scout Cavalry |
| 11:15 | Queue | Villager (Male) |
| 11:28 | Queue | Scout Cavalry |
| 11:38 | Build | Farm |
| 11:42 | Build | Farm |
| 11:58 | Queue | Villager (Male) |
| 12:13 | Queue | Scout Cavalry |
| 12:15 | Build | Farm |
| 12:26 | Build | Farm |
| 12:30 | Build | House |
| 12:36 | Queue | Villager (Male) |
| 12:45 | Build | Farm |
| 13:03 | Queue | Villager (Male) |
| 13:05 | Queue | Scout Cavalry |
| 13:44 | Queue | Villager (Male) |
| 13:46 | Queue | Scout Cavalry |
| 13:58 | Queue | Villager (Male) |
| 14:01 | Build | Farm |
| 14:02 | Build | Farm |
| 14:04 | Build | Farm |
| 14:08 | Build | Blacksmith |
| 14:09 | Build | House |
| 14:32 | Queue | Villager (Male) |
| 14:33 | Queue | Scout Cavalry |
| 14:51 | Queue | Villager (Male) |
| 15:15 | Queue | Villager (Male) |
| 15:17 | Queue | Scout Cavalry |
| 15:21 | Build | Farm |
| 15:21 | Build | Farm |
| 15:21 | Build | Farm |
| 15:22 | Build | Farm |
| 15:22 | Build | Farm |
| 15:22 | Build | Farm |
| 15:22 | Build | Farm |
| 15:42 | Build | House |
| 15:48 | Queue | Villager (Male) |
| 15:54 | Build | Mining Camp |
| 16:03 | Build | Palisade Wall |
| 16:07 | Build | Palisade Wall |
| 16:09 | Queue | Villager (Male) |
| 16:10 | Queue | Scout Cavalry |
| 16:34 | Build | Palisade Wall |
| 16:38 | Queue | Scout Cavalry |
| 16:38 | Queue | Villager (Male) |
| 16:39 | Queue | Villager (Male) |
| 16:41 | Queue | Villager (Male) |
| 16:47 | Build | House |
| 16:49 | Build | Palisade Wall |
| 16:54 | Build | Palisade Wall |
| 17:09 | Queue | Villager (Male) |
| 17:13 | Build | House |
| 17:17 | Build | Palisade Wall |
| 18:09 | Build | Farm |
| 18:21 | Queue | Villager (Male) |
| 18:30 | Research | Castle Age |
| 18:30 | Research | Castle Age |
| 19:21 | Build | Stable |
| 19:35 | Research | Scale Barding Armor |
| 19:36 | Research | Forging |
| 19:46 | Research | Bloodlines |
| 21:10 | Age | Castle Age |
| 21:15 | Research | Chain Barding Armor |
| 21:16 | Queue | Knight |
| 21:16 | Queue | Knight |
| 21:19 | Queue | Knight |
| 21:20 | Queue | Knight |
| 21:39 | Queue | Villager (Male) |
| 21:41 | Queue | Knight |
| 21:43 | Queue | Villager (Male) |
| 22:12 | Queue | Knight |
| 22:40 | Queue | Knight |
| 22:40 | Queue | Villager (Male) |
| 22:41 | Queue | Villager (Male) |
| 22:41 | Queue | Villager (Male) |
| 22:48 | Build | Town Center |
| 22:50 | Queue | Villager (Male) |
| 22:53 | Queue | Knight |
| 23:21 | Queue | Knight |
| 23:21 | Queue | Knight |
| 23:35 | Queue | Villager (Male) |
| 23:35 | Queue | Villager (Male) |
| 24:05 | Queue | Knight |
| 24:06 | Queue | Knight |
| 24:10 | Build | House |
| 24:19 | Build | House |
| 24:23 | Build | House |
| 24:32 | Queue | Villager (Male) |
| 24:34 | Build | Farm |
| 24:34 | Build | Farm |
| 24:34 | Build | Farm |
| 24:34 | Build | Farm |
| 24:35 | Build | Farm |
| 24:35 | Build | Farm |
| 24:45 | Queue | Villager (Male) |
| 24:51 | Queue | Knight |
| 24:51 | Queue | Knight |
| 25:13 | Queue | Villager (Male) |
| 25:16 | Queue | Villager (Male) |
| 25:19 | Build | Farm |
| 25:25 | Build | Farm |
| 25:43 | Queue | Villager (Male) |
| 25:45 | Queue | Villager (Male) |
| 26:14 | Queue | Villager (Male) |
| 26:14 | Queue | Villager (Male) |
| 26:15 | Queue | Villager (Male) |
| 26:15 | Queue | Villager (Male) |
| 26:37 | Queue | Villager (Male) |
| 26:52 | Build | Town Center |
| 26:55 | Queue | Knight |
Build order — TideWalker
First 150 of 310 actions detected
| 0:00 | Queue | Villager (Male) |
| 0:01 | Queue | Villager (Male) |
| 0:02 | Build | House |
| 0:02 | Build | House |
| 0:05 | Queue | Villager (Male) |
| 0:05 | Queue | Villager (Male) |
| 0:05 | Queue | Villager (Male) |
| 1:17 | Queue | Villager (Male) |
| 1:18 | Queue | Villager (Male) |
| 1:53 | Build | Lumber Camp |
| 1:55 | Queue | Villager (Male) |
| 2:22 | Queue | Villager (Male) |
| 2:22 | Queue | Villager (Male) |
| 3:05 | Build | House |
| 3:11 | Queue | Villager (Male) |
| 3:23 | Queue | Villager (Male) |
| 3:23 | Queue | Villager (Male) |
| 3:32 | Build | House |
| 3:47 | Queue | Villager (Male) |
| 3:47 | Queue | Villager (Male) |
| 3:59 | Queue | Villager (Male) |
| 4:11 | Build | Mill |
| 4:14 | Build | Mill |
| 4:24 | Queue | Villager (Male) |
| 4:24 | Queue | Villager (Male) |
| 5:01 | Queue | Villager (Male) |
| 5:08 | Queue | Villager (Male) |
| 5:08 | Queue | Villager (Male) |
| 5:28 | Queue | Villager (Male) |
| 5:28 | Queue | Villager (Male) |
| 6:06 | Queue | Villager (Male) |
| 6:15 | Build | Mining Camp |
| 6:28 | Build | House |
| 6:37 | Queue | Villager (Male) |
| 6:52 | Research | Loom |
| 7:31 | Research | Feudal Age |
| 7:31 | Research | Feudal Age |
| 8:24 | Build | Barracks |
| 8:51 | Queue | Villager (Male) |
| 9:13 | Build | House |
| 9:34 | Queue | Villager (Male) |
| 9:41 | Age | Feudal Age |
| 9:46 | Build | Archery Range |
| 10:03 | Build | Archery Range |
| 10:14 | Queue | Villager (Male) |
| 10:24 | Queue | Villager (Male) |
| 10:25 | Queue | Villager (Male) |
| 10:35 | Queue | Villager (Male) |
| 10:35 | Queue | Villager (Male) |
| 10:47 | Build | House |
| 10:50 | Queue | Archer |
| 10:57 | Queue | Archer ×4 |
| 10:57 | Queue | Archer ×4 |
| 11:10 | Queue | Villager (Male) |
| 11:18 | Queue | Archer ×2 |
| 11:28 | Build | Blacksmith |
| 11:36 | Queue | Villager (Male) |
| 11:52 | Queue | Archer ×2 |
| 11:52 | Queue | Archer ×2 |
| 12:09 | Queue | Archer |
| 12:09 | Queue | Archer |
| 12:15 | Build | House |
| 12:18 | Research | Fletching |
| 12:18 | Research | Fletching |
| 12:29 | Queue | Archer |
| 12:29 | Queue | Archer |
| 12:36 | Build | Palisade Wall |
| 12:37 | Build | Palisade Wall |
| 12:38 | Build | Palisade Wall |
| 12:38 | Build | Palisade Wall |
| 12:40 | Build | Palisade Wall |
| 12:43 | Build | House |
| 12:47 | Build | Palisade Wall |
| 12:50 | Queue | Archer |
| 12:50 | Queue | Archer |
| 12:57 | Queue | Villager (Male) |
| 13:03 | Build | Palisade Wall |
| 13:05 | Build | Palisade Wall |
| 13:20 | Queue | Archer ×3 |
| 13:21 | Queue | Villager (Male) |
| 13:21 | Queue | Villager (Male) |
| 13:34 | Build | Farm |
| 13:54 | Build | House |
| 13:57 | Build | Farm |
| 13:58 | Queue | Villager (Male) |
| 14:10 | Build | Farm |
| 14:40 | Build | House |
| 14:41 | Queue | Archer ×5 |
| 14:53 | Queue | Archer ×2 |
| 14:58 | Queue | Villager (Male) |
| 15:03 | Queue | Villager (Male) |
| 15:06 | Build | House |
| 15:44 | Build | House |
| 15:46 | Build | Farm |
| 15:48 | Build | Farm |
| 15:49 | Queue | Villager (Male) |
| 15:51 | Queue | Archer |
| 15:51 | Queue | Archer |
| 15:52 | Queue | Archer |
| 16:02 | Queue | Villager (Male) |
| 16:07 | Build | Farm |
| 16:14 | Build | Farm |
| 16:24 | Queue | Archer ×2 |
| 16:27 | Queue | Archer |
| 16:27 | Queue | Archer |
| 16:35 | Build | Farm |
| 17:00 | Build | Farm |
| 17:06 | Build | House |
| 17:06 | Queue | Villager (Male) |
| 17:09 | Build | Farm |
| 17:13 | Queue | Villager (Male) |
| 17:22 | Queue | Archer ×2 |
| 17:22 | Queue | Archer ×2 |
| 17:25 | Queue | Villager (Male) |
| 18:12 | Build | Farm |
| 18:15 | Build | Farm |
| 18:16 | Build | Farm |
| 18:24 | Queue | Villager (Male) |
| 18:27 | Queue | Archer ×3 |
| 18:27 | Queue | Archer ×3 |
| 18:31 | Build | House |
| 19:07 | Queue | Archer ×5 |
| 19:18 | Build | Lumber Camp |
| 19:23 | Research | Castle Age |
| 19:23 | Research | Castle Age |
| 19:26 | Queue | Archer |
| 19:26 | Queue | Archer |
| 19:39 | Queue | Archer ×2 |
| 19:39 | Queue | Archer ×2 |
| 19:57 | Queue | Archer |
| 19:57 | Queue | Archer |
| 20:04 | Research | Padded Archer Armor |
| 20:08 | Queue | Archer |
| 20:08 | Queue | Archer |
| 20:25 | Queue | Archer |
| 20:26 | Queue | Archer |
| 20:35 | Queue | Villager (Male) |
| 21:15 | Queue | Archer ×3 |
| 21:15 | Queue | Archer ×3 |
| 21:47 | Build | House |
| 21:48 | Build | House |
| 21:52 | Build | Palisade Wall |
| 21:53 | Build | House |
| 21:55 | Build | House |
| 22:03 | Age | Castle Age |
| 22:24 | Build | House |
| 22:36 | Research | Bodkin Arrow |
| 22:44 | Build | Town Center |
| 22:54 | Queue | Villager (Male) |
| 23:22 | Queue | Archer ×2 |
Build order — GdR_Grifiss(twitch.tv/grifiss84)
First 150 of 485 actions detected
| 0:00 | Queue | Villager (Male) ×4 |
| 0:01 | Queue | Villager (Male) ×4 |
| 0:02 | Build | House |
| 0:03 | Build | House |
| 1:24 | Queue | Villager (Male) |
| 1:24 | Queue | Villager (Male) |
| 1:45 | Build | Lumber Camp |
| 2:01 | Queue | Villager (Male) |
| 2:01 | Queue | Villager (Male) |
| 2:16 | Queue | Villager (Male) |
| 2:49 | Queue | Villager (Male) |
| 2:49 | Queue | Villager (Male) |
| 3:13 | Queue | Villager (Male) |
| 3:13 | Queue | Villager (Male) |
| 3:39 | Queue | Villager (Male) ×2 |
| 3:39 | Queue | Villager (Male) ×2 |
| 3:54 | Build | House |
| 3:55 | Build | House |
| 4:01 | Queue | Villager (Male) |
| 4:24 | Queue | Villager (Male) |
| 4:24 | Queue | Villager (Male) |
| 4:49 | Build | Mill |
| 4:55 | Queue | Villager (Male) ×2 |
| 4:55 | Queue | Villager (Male) ×2 |
| 5:54 | Queue | Villager (Male) |
| 6:19 | Queue | Villager (Male) |
| 6:58 | Build | Lumber Camp |
| 7:03 | Research | Feudal Age |
| 8:04 | Research | Loom |
| 8:20 | Build | Barracks |
| 8:41 | Queue | Villager (Male) |
| 9:16 | Age | Feudal Age |
| 9:17 | Build | Stable |
| 9:27 | Research | Double-Bit Axe |
| 9:27 | Research | Double-Bit Axe |
| 9:43 | Queue | Villager (Male) |
| 9:47 | Research | Horse Collar |
| 9:47 | Research | Horse Collar |
| 9:59 | Queue | Scout Cavalry |
| 10:00 | Queue | Scout Cavalry |
| 10:04 | Build | House |
| 10:10 | Queue | Villager (Male) |
| 10:13 | Build | Farm |
| 10:28 | Build | Farm |
| 10:35 | Build | Farm |
| 10:48 | Queue | Scout Cavalry |
| 10:49 | Queue | Villager (Male) |
| 10:52 | Build | Farm |
| 10:59 | Build | House |
| 11:00 | Build | Palisade Wall |
| 11:14 | Build | Farm |
| 11:16 | Queue | Villager (Male) |
| 11:25 | Queue | Villager (Male) |
| 11:26 | Queue | Villager (Male) |
| 11:30 | Build | House |
| 11:31 | Build | Palisade Wall |
| 11:38 | Queue | Scout Cavalry |
| 11:39 | Queue | Villager (Male) |
| 11:45 | Build | Farm |
| 11:54 | Queue | Villager (Male) |
| 12:10 | Build | Farm |
| 12:19 | Queue | Villager (Male) |
| 12:20 | Build | Farm |
| 12:24 | Build | House |
| 12:26 | Build | Palisade Wall |
| 12:28 | Queue | Villager (Male) |
| 12:50 | Queue | Villager (Male) |
| 12:51 | Build | Farm |
| 12:53 | Queue | Scout Cavalry |
| 12:53 | Queue | Scout Cavalry |
| 12:56 | Build | Palisade Wall |
| 13:03 | Queue | Villager (Male) |
| 13:06 | Build | House |
| 13:08 | Build | Palisade Wall |
| 13:12 | Queue | Scout Cavalry |
| 13:21 | Build | House |
| 13:21 | Build | Palisade Wall |
| 13:25 | Queue | Scout Cavalry |
| 13:39 | Queue | Villager (Male) |
| 13:50 | Build | Farm |
| 13:54 | Queue | Villager (Male) |
| 14:16 | Queue | Scout Cavalry |
| 14:17 | Queue | Villager (Male) |
| 14:23 | Build | Blacksmith |
| 14:41 | Queue | Villager (Male) |
| 14:45 | Queue | Scout Cavalry |
| 14:48 | Build | Farm |
| 15:01 | Queue | Scout Cavalry |
| 15:04 | Build | Mining Camp |
| 15:14 | Research | Scale Barding Armor |
| 15:15 | Research | Scale Barding Armor |
| 15:18 | Queue | Villager (Male) |
| 15:18 | Queue | Villager (Male) |
| 15:28 | Build | Farm |
| 15:29 | Build | Farm |
| 15:58 | Build | Farm |
| 16:05 | Queue | Villager (Male) |
| 16:10 | Research | Wheelbarrow |
| 16:40 | Research | Bloodlines |
| 16:41 | Research | Bloodlines |
| 16:42 | Build | Market |
| 16:52 | Build | House |
| 17:05 | Queue | Villager (Male) |
| 18:07 | Queue | Villager (Male) |
| 18:17 | Build | Farm |
| 18:22 | Build | Farm |
| 18:23 | Build | Farm |
| 18:38 | Build | Farm |
| 18:38 | Build | Farm |
| 18:39 | Build | Farm |
| 19:04 | Research | Castle Age |
| 19:04 | Research | Castle Age |
| 19:29 | Build | Stable |
| 19:42 | Research | Forging |
| 19:43 | Research | Forging |
| 20:04 | Research | Gold Mining |
| 20:04 | Research | Gold Mining |
| 20:12 | Build | Farm |
| 20:29 | Build | Farm |
| 20:49 | Queue | Villager (Male) |
| 21:44 | Age | Castle Age |
| 21:46 | Research | Light Cavalry (upgrade) |
| 21:47 | Research | Light Cavalry (upgrade) |
| 21:48 | Research | Husbandry |
| 21:50 | Research | Chain Barding Armor |
| 21:52 | Queue | Knight |
| 21:52 | Queue | Knight |
| 21:52 | Queue | Knight |
| 21:53 | Queue | Villager (Male) |
| 22:13 | Queue | Villager (Male) |
| 22:26 | Queue | Knight |
| 22:26 | Queue | Knight |
| 22:32 | Research | Bow Saw |
| 22:44 | Queue | Knight |
| 22:45 | Queue | Villager (Male) |
| 22:49 | Build | Town Center |
| 23:01 | Queue | Villager (Male) |
| 23:11 | Build | Town Center |
| 23:20 | Queue | Knight |
| 23:20 | Queue | Knight |
| 23:21 | Queue | Villager (Male) |
| 23:27 | Build | House |
| 23:30 | Build | House |
| 23:39 | Queue | Villager (Male) |
| 23:44 | Queue | Villager (Male) |
| 23:47 | Queue | Villager (Male) |
| 23:47 | Queue | Villager (Male) |
| 23:49 | Queue | Villager (Male) |
| 23:51 | Queue | Villager (Male) |
| 23:52 | Queue | Villager (Male) |
Build order — SeiyaPegasus
First 150 of 388 actions detected
| 0:01 | Queue | Villager (Male) |
| 0:02 | Build | House |
| 0:05 | Build | House |
| 0:07 | Queue | Villager (Male) |
| 0:25 | Queue | Villager (Male) |
| 0:28 | Queue | Villager (Male) |
| 0:28 | Queue | Villager (Male) |
| 1:24 | Queue | Villager (Male) |
| 1:24 | Queue | Villager (Male) |
| 1:55 | Build | Lumber Camp |
| 2:03 | Queue | Villager (Male) |
| 2:04 | Queue | Villager (Male) |
| 2:19 | Queue | Villager (Male) |
| 2:20 | Queue | Villager (Male) |
| 2:47 | Queue | Villager (Male) |
| 2:47 | Queue | Villager (Male) |
| 3:09 | Queue | Villager (Male) |
| 3:09 | Queue | Villager (Male) |
| 3:19 | Build | House |
| 3:20 | Build | Palisade Wall |
| 3:32 | Queue | Villager (Male) |
| 4:03 | Queue | Villager (Male) |
| 4:14 | Queue | Villager (Male) |
| 4:18 | Build | House |
| 4:47 | Build | Mill |
| 5:03 | Queue | Villager (Male) |
| 5:07 | Queue | Villager (Male) |
| 5:19 | Queue | Villager (Male) |
| 5:26 | Queue | Villager (Male) |
| 6:05 | Research | Loom |
| 6:05 | Research | Loom |
| 6:47 | Research | Feudal Age |
| 6:47 | Research | Feudal Age |
| 6:58 | Build | Palisade Wall |
| 7:48 | Build | Barracks |
| 8:15 | Build | House |
| 8:24 | Build | Palisade Wall |
| 8:55 | Queue | Villager (Male) |
| 8:57 | Age | Feudal Age |
| 8:58 | Build | Stable |
| 9:05 | Research | Double-Bit Axe |
| 9:05 | Research | Double-Bit Axe |
| 9:08 | Queue | Villager (Male) |
| 9:41 | Queue | Villager (Male) |
| 9:44 | Build | Lumber Camp |
| 9:49 | Queue | Scout Cavalry |
| 10:00 | Build | House |
| 10:03 | Build | House |
| 10:13 | Queue | Villager (Male) |
| 10:13 | Queue | Villager (Male) |
| 10:21 | Build | Farm |
| 10:38 | Build | Farm |
| 10:39 | Queue | Villager (Male) |
| 10:45 | Build | House |
| 10:53 | Build | Farm |
| 11:10 | Queue | Scout Cavalry |
| 11:24 | Queue | Villager (Male) |
| 11:28 | Build | Farm |
| 11:42 | Queue | Villager (Male) |
| 11:51 | Queue | Villager (Male) |
| 11:53 | Build | Farm |
| 11:54 | Build | Farm |
| 11:57 | Build | Farm |
| 11:58 | Build | Farm |
| 12:10 | Build | House |
| 12:12 | Build | Palisade Wall |
| 12:15 | Build | Palisade Wall |
| 12:20 | Build | Farm |
| 12:21 | Queue | Villager (Male) |
| 12:30 | Queue | Scout Cavalry |
| 12:51 | Queue | Scout Cavalry |
| 13:02 | Queue | Villager (Male) |
| 13:07 | Build | Blacksmith |
| 13:08 | Build | House |
| 13:13 | Queue | Villager (Male) |
| 13:47 | Queue | Villager (Male) |
| 13:48 | Build | Farm |
| 13:49 | Build | Farm |
| 14:04 | Build | Mining Camp |
| 14:10 | Queue | Villager (Male) |
| 14:11 | Queue | Scout Cavalry |
| 14:40 | Build | Farm |
| 14:44 | Queue | Villager (Male) |
| 14:46 | Queue | Scout Cavalry |
| 14:49 | Research | Forging |
| 14:50 | Research | Forging |
| 14:54 | Build | Farm |
| 15:08 | Queue | Villager (Male) |
| 15:31 | Queue | Villager (Male) |
| 15:34 | Build | Farm |
| 15:35 | Build | Farm |
| 15:35 | Build | Farm |
| 15:36 | Build | Mill |
| 15:38 | Queue | Villager (Male) |
| 15:55 | Build | Farm |
| 16:26 | Research | Wheelbarrow |
| 16:27 | Research | Wheelbarrow |
| 16:28 | Build | Farm |
| 17:13 | Build | Stable |
| 18:19 | Build | Market |
| 18:35 | Research | Castle Age |
| 19:18 | Research | Gold Mining |
| 19:18 | Research | Gold Mining |
| 19:30 | Research | Scale Barding Armor |
| 19:31 | Research | Scale Barding Armor |
| 21:15 | Age | Castle Age |
| 21:17 | Queue | Knight |
| 21:17 | Queue | Knight |
| 21:32 | Build | Town Center |
| 21:33 | Queue | Villager (Male) |
| 21:34 | Queue | Knight |
| 21:35 | Queue | Knight |
| 21:40 | Research | Chain Barding Armor |
| 21:40 | Research | Chain Barding Armor |
| 21:41 | Queue | Knight |
| 21:43 | Queue | Villager (Male) |
| 21:49 | Build | Town Center |
| 21:54 | Queue | Villager (Male) |
| 22:04 | Queue | Knight |
| 22:14 | Research | Bow Saw |
| 22:15 | Research | Bow Saw |
| 22:18 | Build | Lumber Camp |
| 22:32 | Queue | Knight |
| 23:05 | Queue | Villager (Male) |
| 23:08 | Build | Farm |
| 23:10 | Queue | Villager (Male) |
| 23:12 | Queue | Villager (Male) |
| 23:14 | Queue | Villager (Male) |
| 23:44 | Queue | Knight |
| 23:46 | Queue | Villager (Male) |
| 23:47 | Queue | Villager (Male) |
| 23:49 | Queue | Villager (Male) |
| 23:51 | Build | Farm |
| 23:53 | Queue | Villager (Male) |
| 23:56 | Build | Mining Camp |
| 24:10 | Queue | Knight |
| 24:16 | Queue | Knight |
| 24:17 | Queue | Knight |
| 24:17 | Queue | Villager (Male) |
| 24:18 | Queue | Villager (Male) |
| 24:21 | Build | Farm |
| 24:22 | Queue | Villager (Male) |
| 24:24 | Queue | Villager (Male) |
| 24:26 | Queue | Villager (Male) |
| 24:48 | Queue | Knight |
| 25:03 | Queue | Knight |
| 25:04 | Queue | Knight |
| 25:15 | Queue | Villager (Male) |
| 25:15 | Queue | Villager (Male) |
| 25:16 | Queue | Villager (Male) |
Build order — GdR_Matteo
First 150 of 334 actions detected
| 0:01 | Queue | Villager (Male) |
| 0:03 | Build | House |
| 0:05 | Build | House |
| 0:08 | Queue | Villager (Male) |
| 0:08 | Queue | Villager (Male) |
| 0:08 | Queue | Villager (Male) |
| 0:09 | Queue | Villager (Male) |
| 1:22 | Queue | Villager (Male) |
| 1:54 | Build | Lumber Camp |
| 1:57 | Queue | Villager (Male) |
| 2:20 | Queue | Villager (Male) |
| 2:49 | Queue | Villager (Male) |
| 3:03 | Queue | Villager (Male) |
| 3:29 | Queue | Villager (Male) |
| 3:59 | Build | House |
| 4:01 | Queue | Villager (Male) |
| 4:39 | Queue | Villager (Male) |
| 4:56 | Queue | Villager (Male) |
| 5:07 | Build | House |
| 5:29 | Queue | Villager (Male) |
| 5:36 | Queue | Villager (Male) |
| 5:36 | Queue | Villager (Male) |
| 5:54 | Research | Loom |
| 6:31 | Build | Mining Camp |
| 7:10 | Research | Feudal Age |
| 7:10 | Research | Feudal Age |
| 8:02 | Build | Barracks |
| 8:26 | Build | House |
| 8:31 | Build | House |
| 8:39 | Queue | Villager (Male) |
| 9:20 | Age | Feudal Age |
| 9:27 | Build | Archery Range |
| 9:38 | Build | Archery Range |
| 9:45 | Queue | Villager (Male) |
| 10:05 | Queue | Villager (Male) |
| 10:27 | Queue | Villager (Male) |
| 10:28 | Queue | Archer |
| 10:29 | Queue | Archer |
| 10:33 | Build | House |
| 10:37 | Build | Palisade Wall |
| 10:41 | Build | Palisade Wall |
| 10:43 | Build | Palisade Wall |
| 10:44 | Queue | Archer |
| 10:45 | Queue | Archer |
| 10:51 | Queue | Villager (Male) |
| 10:57 | Build | Palisade Wall |
| 11:03 | Queue | Archer |
| 11:03 | Queue | Archer |
| 11:30 | Queue | Villager (Male) |
| 11:31 | Queue | Archer |
| 11:39 | Build | Palisade Wall |
| 11:40 | Build | Palisade Wall |
| 11:54 | Queue | Archer |
| 11:54 | Queue | Archer |
| 11:58 | Queue | Villager (Male) |
| 12:08 | Build | Mill |
| 12:09 | Queue | Archer |
| 12:15 | Queue | Villager (Male) |
| 12:33 | Queue | Archer |
| 12:45 | Build | House |
| 12:48 | Queue | Archer |
| 12:53 | Build | House |
| 12:58 | Queue | Villager (Male) |
| 13:19 | Queue | Archer |
| 13:34 | Build | Blacksmith |
| 13:36 | Queue | Archer |
| 13:37 | Queue | Villager (Male) |
| 13:57 | Build | House |
| 14:02 | Queue | Archer |
| 14:11 | Build | Watch Tower |
| 14:22 | Build | House |
| 14:32 | Research | Fletching |
| 14:32 | Research | Fletching |
| 15:09 | Build | House |
| 15:17 | Queue | Villager (Male) |
| 15:33 | Queue | Villager (Male) |
| 15:35 | Queue | Archer |
| 15:36 | Queue | Archer |
| 15:40 | Queue | Villager (Male) |
| 15:59 | Build | House |
| 16:06 | Build | Farm |
| 16:06 | Build | Farm |
| 16:08 | Queue | Archer |
| 16:08 | Queue | Archer |
| 16:11 | Queue | Archer |
| 16:34 | Queue | Archer |
| 16:34 | Queue | Archer |
| 16:43 | Build | House |
| 17:01 | Queue | Villager (Male) |
| 17:05 | Build | Palisade Wall |
| 17:08 | Queue | Archer |
| 17:08 | Queue | Villager (Male) |
| 17:17 | Build | Farm |
| 17:18 | Build | Farm |
| 17:21 | Queue | Archer |
| 17:45 | Build | Farm |
| 17:57 | Queue | Archer |
| 17:57 | Queue | Archer |
| 17:58 | Queue | Villager (Male) |
| 18:02 | Build | Palisade Wall |
| 18:08 | Queue | Villager (Male) |
| 18:15 | Build | Palisade Wall |
| 18:18 | Queue | Villager (Male) |
| 18:20 | Build | Palisade Wall |
| 18:29 | Queue | Archer |
| 18:29 | Queue | Archer |
| 18:36 | Queue | Archer |
| 18:36 | Queue | Archer |
| 18:38 | Queue | Villager (Male) |
| 19:03 | Queue | Archer |
| 19:08 | Build | Palisade Wall |
| 19:17 | Build | Palisade Wall |
| 19:20 | Queue | Archer |
| 19:22 | Queue | Villager (Male) |
| 19:27 | Queue | Archer |
| 19:27 | Queue | Archer |
| 19:37 | Build | Farm |
| 19:38 | Build | Palisade Wall |
| 19:43 | Build | Palisade Wall |
| 19:46 | Queue | Archer |
| 19:46 | Queue | Archer |
| 19:51 | Build | House |
| 19:53 | Build | House |
| 19:54 | Build | House |
| 19:56 | Queue | Villager (Male) |
| 20:00 | Queue | Archer |
| 20:01 | Queue | Archer |
| 20:09 | Queue | Villager (Male) |
| 20:27 | Build | House |
| 20:37 | Build | Lumber Camp |
| 20:47 | Queue | Villager (Male) |
| 20:55 | Build | House |
| 21:04 | Queue | Villager (Male) |
| 21:17 | Queue | Villager (Male) |
| 21:48 | Queue | Villager (Male) |
| 21:55 | Queue | Archer |
| 21:55 | Queue | Archer |
| 22:08 | Queue | Villager (Male) |
| 22:19 | Queue | Villager (Male) |
| 22:49 | Build | Market |
| 22:53 | Queue | Villager (Male) |
| 23:33 | Research | Castle Age |
| 24:02 | Queue | Villager (Male) |
| 24:18 | Build | Archery Range |
| 24:31 | Build | Lumber Camp |
| 24:35 | Queue | Archer |
| 24:36 | Queue | Archer |
| 24:37 | Queue | Villager (Male) |
| 24:40 | Build | Farm |
| 24:40 | Build | Farm |
Build order — GdR_Nataniele05
First 150 of 498 actions detected
| 0:00 | Queue | Villager (Male) |
| 0:00 | Queue | Villager (Male) |
| 0:01 | Build | House |
| 0:02 | Build | House |
| 0:05 | Queue | Villager (Male) |
| 0:06 | Queue | Villager (Male) |
| 1:30 | Queue | Villager (Male) |
| 2:01 | Build | Lumber Camp |
| 2:03 | Queue | Villager (Male) |
| 2:03 | Queue | Villager (Male) |
| 2:16 | Queue | Villager (Male) |
| 2:16 | Queue | Villager (Male) |
| 2:57 | Queue | Villager (Male) |
| 2:57 | Queue | Villager (Male) |
| 3:05 | Queue | Villager (Male) |
| 3:05 | Queue | Villager (Male) |
| 3:38 | Queue | Villager (Male) |
| 3:47 | Build | House |
| 3:55 | Queue | Villager (Male) |
| 4:12 | Queue | Villager (Male) |
| 4:24 | Build | Mill |
| 4:36 | Queue | Villager (Male) |
| 4:53 | Queue | Villager (Male) |
| 4:54 | Queue | Villager (Male) |
| 5:06 | Queue | Villager (Male) |
| 5:08 | Queue | Villager (Male) |
| 5:39 | Queue | Villager (Male) |
| 5:40 | Queue | Villager (Male) |
| 6:25 | Research | Loom |
| 6:54 | Research | Feudal Age |
| 6:54 | Research | Feudal Age |
| 7:28 | Build | Mining Camp |
| 8:13 | Build | Barracks |
| 8:26 | Queue | Villager (Male) |
| 8:33 | Build | House |
| 9:17 | Age | Feudal Age |
| 9:38 | Queue | Villager (Male) |
| 9:39 | Build | Archery Range |
| 9:41 | Build | Archery Range |
| 10:00 | Build | House |
| 10:15 | Queue | Villager (Male) |
| 10:33 | Queue | Villager (Male) |
| 10:36 | Queue | Archer |
| 10:47 | Queue | Archer |
| 10:48 | Queue | Villager (Male) |
| 10:56 | Queue | Archer |
| 11:10 | Queue | Archer |
| 11:10 | Queue | Archer |
| 11:11 | Queue | Villager (Male) |
| 11:15 | Build | Blacksmith |
| 11:18 | Queue | Archer |
| 11:24 | Queue | Villager (Male) |
| 11:41 | Queue | Villager (Male) |
| 11:48 | Build | House |
| 11:48 | Build | House |
| 11:57 | Build | House |
| 12:05 | Research | Fletching |
| 12:06 | Queue | Archer |
| 12:17 | Queue | Archer |
| 12:17 | Queue | Archer |
| 12:22 | Queue | Villager (Male) |
| 12:30 | Queue | Archer |
| 12:39 | Queue | Villager (Male) |
| 12:50 | Queue | Villager (Male) |
| 13:00 | Build | House |
| 13:12 | Queue | Archer |
| 13:26 | Queue | Archer |
| 13:48 | Queue | Archer |
| 13:48 | Queue | Archer |
| 13:49 | Queue | Villager (Male) |
| 13:57 | Queue | Archer |
| 13:57 | Queue | Archer |
| 14:03 | Build | Mill |
| 14:21 | Queue | Archer |
| 14:21 | Queue | Archer |
| 14:35 | Queue | Archer |
| 14:35 | Queue | Archer |
| 14:36 | Queue | Villager (Male) |
| 14:36 | Queue | Villager (Male) |
| 15:04 | Build | Farm |
| 15:04 | Build | Farm |
| 15:04 | Build | Farm |
| 15:05 | Build | Farm |
| 15:06 | Queue | Archer |
| 15:06 | Queue | Archer |
| 15:22 | Queue | Archer |
| 15:24 | Queue | Villager (Male) |
| 15:27 | Queue | Archer |
| 15:28 | Queue | Villager (Male) |
| 15:38 | Build | House |
| 15:38 | Build | House |
| 15:53 | Build | House |
| 15:57 | Queue | Archer |
| 15:57 | Queue | Archer |
| 16:07 | Queue | Villager (Male) |
| 16:11 | Build | House |
| 16:16 | Build | Palisade Wall |
| 16:17 | Build | Palisade Wall |
| 16:19 | Queue | Archer |
| 16:31 | Queue | Villager (Male) |
| 16:35 | Build | Farm |
| 16:39 | Build | Farm |
| 16:40 | Build | Farm |
| 16:41 | Build | Farm |
| 16:48 | Build | House |
| 16:48 | Build | Palisade Wall |
| 17:05 | Queue | Villager (Male) |
| 17:07 | Build | Farm |
| 17:11 | Queue | Archer |
| 17:11 | Queue | Archer |
| 17:12 | Queue | Villager (Male) |
| 17:27 | Build | Farm |
| 17:29 | Queue | Archer |
| 17:30 | Queue | Villager (Male) |
| 17:32 | Queue | Villager (Male) |
| 17:38 | Build | House |
| 17:40 | Build | Palisade Wall |
| 17:41 | Build | Palisade Wall |
| 17:43 | Build | Palisade Wall |
| 17:49 | Build | Palisade Wall |
| 17:51 | Build | Palisade Wall |
| 17:53 | Queue | Villager (Male) |
| 18:02 | Queue | Archer |
| 18:25 | Queue | Archer |
| 18:25 | Queue | Archer |
| 19:27 | Build | Farm |
| 19:27 | Build | Farm |
| 19:27 | Queue | Villager (Male) |
| 19:29 | Build | Farm |
| 19:30 | Build | Farm |
| 19:33 | Queue | Archer |
| 19:33 | Queue | Archer |
| 19:42 | Build | Palisade Wall |
| 19:49 | Build | Palisade Wall |
| 19:54 | Build | Palisade Wall |
| 19:58 | Queue | Villager (Male) |
| 20:08 | Queue | Archer |
| 20:08 | Queue | Archer |
| 20:10 | Queue | Villager (Male) |
| 20:13 | Build | Palisade Wall |
| 20:50 | Queue | Villager (Male) |
| 20:51 | Queue | Villager (Male) |
| 20:51 | Queue | Archer |
| 20:51 | Queue | Archer |
| 21:16 | Queue | Archer |
| 21:17 | Queue | Archer |
| 21:18 | Queue | Villager (Male) |
| 21:44 | Queue | Villager (Male) |
| 22:00 | Build | House |
| 22:33 | Research | Castle Age |
Match timeline
| 3:20 | SeiyaPegasus · wall_segment Palisade Wall x1 |
| 4:53 | Weichbrot · wall_segment Palisade Wall x1 |
| 4:54 | Weichbrot · wall_segment Palisade Wall x1 |
| 4:56 | Weichbrot · wall_segment Palisade Wall x1 |
| 4:58 | Weichbrot · wall_segment Palisade Wall x1 |
| 5:00 | Weichbrot · wall_segment Palisade Wall x1 |
| 5:16 | Weichbrot · wall_segment Palisade Wall x1 |
| 5:28 | Weichbrot · wall_segment Palisade Wall x1 |
| 5:30 | Weichbrot · wall_segment Palisade Wall x1 |
| 5:32 | Weichbrot · wall_segment Palisade Wall x1 |
| 5:44 | Weichbrot · wall_segment Palisade Wall x1 |
| 6:58 | SeiyaPegasus · wall_segment Palisade Wall x6 |
| 7:44 | Weichbrot · wall_segment Palisade Wall x1 |
| 7:47 | Weichbrot · wall_segment Palisade Wall x1 |
| 7:48 | SeiyaPegasus · first_building Barracks |
| 8:02 | GdR_Matteo · first_building Barracks |
| 8:13 | GdR_Nataniele05 · first_building Barracks |
| 8:20 | GdR_Grifiss(twitch.tv/grifiss84) · first_building Barracks |
| 8:23 | Mattroid 99 · first_building Barracks |
| 8:24 | SeiyaPegasus · wall_segment Palisade Wall x5 |
| 8:24 | TideWalker · first_building Barracks |
| 8:57 | Weichbrot · first_building Barracks |
| 8:57 | SeiyaPegasus · age_up feudal |
| 8:58 | SeiyaPegasus · first_building Stable |
| 9:16 | GdR_Grifiss(twitch.tv/grifiss84) · age_up feudal |
| 9:17 | GdR_Grifiss(twitch.tv/grifiss84) · first_building Stable |
| 9:17 | GdR_Nataniele05 · age_up feudal |
| 9:20 | GdR_Matteo · age_up feudal |
| 9:21 | Weichbrot · age_up feudal |
| 9:22 | Mattroid 99 · age_up feudal |
| 9:27 | GdR_Matteo · first_building Archery Range |
| 9:29 | Weichbrot · wall_segment Palisade Wall x1 |
| 9:32 | Weichbrot · wall_segment Palisade Wall x1 |
| 9:34 | Weichbrot · wall_segment Palisade Wall x1 |
| 9:36 | Weichbrot · wall_segment Palisade Wall x1 |
| 9:39 | GdR_Nataniele05 · first_building Archery Range |
| 9:41 | TideWalker · age_up feudal |
| 9:44 | Mattroid 99 · first_building Stable |
| 9:45 | Weichbrot · first_building Archery Range |
| 9:46 | TideWalker · first_building Archery Range |
| 10:01 | 自由人生 · first_building Barracks |
| 10:37 | GdR_Matteo · wall_segment Palisade Wall x11 |
| 10:41 | GdR_Matteo · wall_segment Palisade Wall x3 |
| 10:42 | 自由人生 · age_up feudal |
| 10:43 | GdR_Matteo · wall_segment Palisade Wall x2 |
| 10:57 | GdR_Matteo · wall_segment Palisade Wall x2 |
| 11:00 | GdR_Grifiss(twitch.tv/grifiss84) · wall_segment Palisade Wall x7 |
| 11:31 | GdR_Grifiss(twitch.tv/grifiss84) · wall_segment Palisade Wall x5 |
| 11:39 | GdR_Matteo · wall_segment Palisade Wall x1 |
| 11:40 | GdR_Matteo · wall_segment Palisade Wall x1 |
| 12:12 | SeiyaPegasus · wall_segment Palisade Wall x2 |
| 12:15 | SeiyaPegasus · wall_segment Palisade Wall x13 |
| 12:26 | GdR_Grifiss(twitch.tv/grifiss84) · wall_segment Palisade Wall x13 |
| 12:36 | TideWalker · wall_segment Palisade Wall x1 |
| 12:37 | TideWalker · wall_segment Palisade Wall x1 |
| 12:38 | TideWalker · wall_segment Palisade Wall x1 |
| 12:38 | TideWalker · wall_segment Palisade Wall x1 |
| 12:40 | TideWalker · wall_segment Palisade Wall x1 |
| 12:47 | TideWalker · wall_segment Palisade Wall x3 |
| 12:56 | GdR_Grifiss(twitch.tv/grifiss84) · wall_segment Palisade Wall x2 |
| 13:03 | TideWalker · wall_segment Palisade Wall x1 |
| 13:05 | TideWalker · wall_segment Palisade Wall x1 |
| 13:08 | GdR_Grifiss(twitch.tv/grifiss84) · wall_segment Palisade Wall x16 |
| 13:21 | GdR_Grifiss(twitch.tv/grifiss84) · wall_segment Palisade Wall x2 |
| 13:29 | Weichbrot · wall_segment Palisade Wall x1 |
| 13:39 | Weichbrot · wall_segment Palisade Wall x1 |
| 14:15 | Weichbrot · wall_segment Palisade Wall x3 |
| 14:25 | Weichbrot · wall_segment Palisade Wall x2 |
| 16:03 | Mattroid 99 · wall_segment Palisade Wall x10 |
| 16:07 | Mattroid 99 · wall_segment Palisade Wall x4 |
| 16:16 | GdR_Nataniele05 · wall_segment Palisade Wall x1 |
| 16:17 | GdR_Nataniele05 · wall_segment Palisade Wall x6 |
| 16:34 | Mattroid 99 · wall_segment Palisade Wall x5 |
| 16:48 | GdR_Nataniele05 · wall_segment Palisade Wall x4 |
| 16:49 | Mattroid 99 · wall_segment Palisade Wall x12 |
| 16:54 | Mattroid 99 · wall_segment Palisade Wall x1 |
| 17:05 | GdR_Matteo · wall_segment Palisade Wall x1 |
| 17:17 | Mattroid 99 · wall_segment Palisade Wall x13 |
| 17:40 | GdR_Nataniele05 · wall_segment Palisade Wall x1 |
| 17:41 | GdR_Nataniele05 · wall_segment Palisade Wall x1 |
| 17:43 | GdR_Nataniele05 · wall_segment Palisade Wall x2 |
| 17:49 | GdR_Nataniele05 · wall_segment Palisade Wall x1 |
| 17:51 | GdR_Nataniele05 · wall_segment Palisade Wall x1 |
| 18:02 | GdR_Matteo · wall_segment Palisade Wall x1 |
| 18:15 | GdR_Matteo · wall_segment Palisade Wall x5 |
| 18:20 | GdR_Matteo · wall_segment Palisade Wall x3 |
| 19:08 | GdR_Matteo · wall_segment Palisade Wall x11 |
| 19:17 | GdR_Matteo · wall_segment Palisade Wall x10 |
| 19:38 | GdR_Matteo · wall_segment Palisade Wall x3 |
| 19:42 | GdR_Nataniele05 · wall_segment Palisade Wall x10 |
| 19:43 | GdR_Matteo · wall_segment Palisade Wall x1 |
| 19:49 | GdR_Nataniele05 · wall_segment Palisade Wall x2 |
| 19:54 | GdR_Nataniele05 · wall_segment Palisade Wall x9 |
| 20:13 | GdR_Nataniele05 · wall_segment Palisade Wall x6 |
| 20:33 | Weichbrot · wall_segment Palisade Wall x1 |
| 20:38 | Weichbrot · wall_segment Palisade Wall x1 |
| 21:10 | Mattroid 99 · age_up castle |
| 21:15 | SeiyaPegasus · age_up castle |
| 21:44 | GdR_Grifiss(twitch.tv/grifiss84) · age_up castle |
| 21:52 | TideWalker · wall_segment Palisade Wall x1 |
| 22:03 | TideWalker · age_up castle |
| 22:40 | Weichbrot · wall_segment Palisade Wall x4 |
| 22:55 | 自由人生 · wall_segment Palisade Wall x1 |
| 23:10 | 自由人生 · age_up castle |
| 23:28 | Weichbrot · wall_segment Palisade Wall x8 |
| 23:29 | GdR_Matteo · first_market_buy 100 food |
| 23:35 | Weichbrot · wall_segment Palisade Wall x7 |
| 25:12 | Weichbrot · wall_segment Palisade Wall x6 |
| 25:13 | GdR_Nataniele05 · age_up castle |
| 25:43 | GdR_Matteo · wall_segment Palisade Wall x1 |
| 26:13 | GdR_Matteo · age_up castle |
| 27:43 | 自由人生 · first_market_buy 100 food |
| 28:17 | Mattroid 99 · wall_segment Palisade Wall x1 |
| 28:42 | GdR_Matteo · wall_segment Stone Wall x1 |
| 29:09 | GdR_Matteo · wall_segment Stone Wall x1 |
| 29:21 | Weichbrot · age_up castle |
| 29:35 | GdR_Nataniele05 · first_market_buy 100 wood |
| 30:06 | GdR_Matteo · wall_segment Stone Wall x1 |
| 30:35 | SeiyaPegasus · first_building Castle |
| 30:45 | Weichbrot · first_building Siege Workshop |
| 30:49 | Weichbrot · first_building Monastery |
| 30:54 | SeiyaPegasus · first_building Monastery |
| 31:03 | GdR_Matteo · first_market_sell 100 food |
| 32:39 | GdR_Grifiss(twitch.tv/grifiss84) · first_building Castle |
| 32:55 | GdR_Nataniele05 · first_market_sell 100 food |
| 33:08 | GdR_Grifiss(twitch.tv/grifiss84) · first_market_sell 100 food |
| 34:41 | SeiyaPegasus · first_market_sell 100 stone |
| 35:08 | GdR_Nataniele05 · wall_segment Palisade Wall x1 |
| 35:11 | GdR_Nataniele05 · wall_segment Palisade Wall x1 |
| 35:12 | 自由人生 · first_building Siege Workshop |
| 35:51 | GdR_Nataniele05 · first_building Monastery |
| 36:05 | 自由人生 · first_building Monastery |
| 36:31 | Mattroid 99 · first_building Monastery |
| 36:42 | GdR_Grifiss(twitch.tv/grifiss84) · age_up imperial |
| 37:23 | GdR_Grifiss(twitch.tv/grifiss84) · first_market_buy 100 wood |
| 37:50 | GdR_Matteo · first_building Monastery |
| 38:23 | SeiyaPegasus · age_up imperial |
| 39:52 | GdR_Nataniele05 · age_up imperial |
| 40:16 | 自由人生 · age_up imperial |
| 40:33 | GdR_Matteo · wall_segment Stone Wall x3 |
| 40:41 | Mattroid 99 · age_up imperial |
| 40:59 | Weichbrot · resign |
| 41:07 | Mattroid 99 · first_building Castle |
| 41:31 | GdR_Nataniele05 · first_building Castle |
[ AI ANALYSIS · 1 CREDIT ]
What really happened in this match?
Wolo.gg analyzes every decision: build order, eco, micro, common mistakes by bracket. Personalized analysis on WhatsApp or Discord in 30 seconds.
Civ guide
Incas
Perfil
Jugador #17527294